 Dungeon Crawl Stone Soup version 0.30-a0-718-geaa24f58ff (webtiles) character file.

Game seed: 15301286663107675191

308 Darius099 the Ruffian (level 6, 0/59 HPs)
             Began as a Troll Monk on Jan 25, 2023.
             Killed by divine providence
             ... invoked by an orc priest
              (9 damage)
             ... on level 4 of the Dungeon.
             The game lasted 00:04:33 (2384 turns).

Darius099 the Ruffian (Troll Monk)                  Turns: 2384, Time: 00:04:34

Health: 0/59       AC:  5    Str: 20    XL:     6   Next: 17%
Magic:  5/5        EV: 10    Int:  6    God:
Gold:   195        SH:  0    Dex: 14    Spells: 5/5 levels left

rFire   . . .      SeeInvis .      - Unarmed
rCold   . . .      Faith    .    (no shield)
rNeg    . . .      Spirit   .    a - +0 robe
rPois   .          Reflect  .    (helmet restricted)
rElec   .          Harm     .    m - +0 cloak
rCorr   +          Rampage  .    (gloves unavailable)
Will    .....                    (boots unavailable)
Stlth   ++                       (no amulet)
HPRegen 1.09/turn                h - +4 ring of slaying
MPRegen 0.09/turn                p - ring of resist corrosion

@: no status effects
A: large, unfitting armour, claws 3, regeneration 1, shaggy fur 1, tough skin 1
a: no special abilities


You were on level 4 of the Dungeon.
You visited 1 branch of the dungeon, and saw 4 of its levels.

You collected 195 gold pieces.

Inventory:

Armour
 a - a +0 robe (worn)
 m - a +0 cloak (worn)
Jewellery
 h - a +4 ring of slaying (left claw)
 p - a ring of resist corrosion (right claw)
 r - a ring of wizardry
Scrolls
 d - 5 scrolls of identify {unknown}
 j - a scroll of blinking {unknown}
 l - a scroll of enchant armour {unknown}
 o - 2 scrolls of teleportation {unknown}
 q - a scroll of silence {unknown}
Potions
 b - a potion of ambrosia
 c - a potion of berserk rage {unknown}
 e - a potion of haste {unknown}
 f - a potion of lignification {unknown}
 g - a potion of mutation {unknown}
 i - 3 potions of heal wounds {unknown}
 k - a potion of cancellation {unknown}
 n - 2 potions of flight {unknown}
 s - a potion of invisibility {unknown}


   Skills:
 - Level 2.4 Fighting
 - Level 2.4 Dodging
 - Level 1.0 Stealth
 + Level 7.0 Unarmed Combat


You had 5 spell levels left.
You didn't know any spells.
Your spell library contained the following spells:

 Spells                   Type           Power      Damage    Failure   Level
 Foxfire                  Conj/Fire      0%         2x1d4     45%         1
 Fireball                 Conj/Fire      0%         3d3       100%        5
 Starburst                Conj/Fire      0%         6d3       100%        6


Dungeon Overview and Level Annotations

Branches:
Dungeon (4/15)
 Temple: D:4-7

Altars:
Dithmenos


Innate Abilities, Weirdness & Mutations

You are too large for most types of armour.
You have claws for hands.
Your natural rate of healing is unusually fast.
You are covered in fur. (AC +1)
You have tough skin. (AC +1)


Message History

An orc and an orc priest come into view.
The orc wizard shouts!
The orc shouts!
The orc priest moves out of view.
You hear a shout!
The orc priest shouts!
The orc wizard hits you with a +0 dagger.
You claw the orc wizard!
The orc wizard is almost dead.
You claw the orc wizard!
You kill the orc wizard!
A jelly comes into view.
The orc closely misses you.
Your Unarmed Combat skill increases to level 7!
You claw the orc!
You kill the orc!
The orc closely misses you.
The orc priest mumbles some strange prayers to Beogh against you.
Beogh smites you!
You scratch the orc.
The orc is severely wounded.
The orc hits you with a +0 club. The orc hits you with a +0 flail.
The orc priest calls down the wrath of Beogh upon you.
Beogh smites you!
You claw the orc!
You kill the orc!
The orc barely misses you.
You barely miss the jelly. The jelly closely misses you.
The orc hits you with a +0 flail.
The orc priest calls down the wrath of Beogh upon you.
Beogh smites you!
* * * LOW HITPOINT WARNING * * *
The jelly attacks as you move away! The jelly misses you.
Found a stone staircase leading up.
You scratch the jelly.
Your claws burn!
* * * LOW HITPOINT WARNING * * *
The jelly is moderately wounded.
The jelly hits you but does no damage.
The orc priest mumbles some strange prayers to Beogh against you.
Beogh smites you!
You die...

. ..# .#( # #.###
....#. ....
.#....###.######
.......<........
.######...#######
#........)o.....
#..#.#J...#.....
# #.#@o..# ##.. #
#..### #....
#.##... #.. ...#
... .<.. ### ###


You could see a jelly, an orc priest and an orc.

Vanquished Creatures
  An orc priest (D:3)
  2 orc wizards
  6 gnolls
  8 adders
  3 dart slugs
  3 worms (D:2)
  9 orcs
  3 ball pythons
  5 endoplasms
  3 giant cockroaches
  7 goblins
  8 hobgoblins
  3 jackals (D:2)
  3 quokkas
  5 bats
  A frilled lizard (D:3)
  6 kobolds
  10 rats
86 creatures vanquished.

Notes
Turn   | Place    | Note
-------+----------+-------------------------------------------
     0 | D:1      | Darius099 the Troll Monk began the quest for the Orb.
     0 | D:1      | Reached XP level 1. HP: 22/22 MP: 0/0
   211 | D:1      | Reached XP level 2. HP: 29/29 MP: 1/1
   261 | D:1      | Reached skill level 4 in Unarmed Combat
   541 | D:1      | Reached XP level 3. HP: 35/36 MP: 2/2
  1045 | D:2      | Reached XP level 4. HP: 44/44 MP: 3/3
  1136 | D:2      | Reached skill level 5 in Unarmed Combat
  1184 | D:2      | Identified the +7 spear "Qimyf" {venom, rElec rF++ Will-}
  1417 | D:2      | Found a shadowy altar of Dithmenos.
  1592 | D:3      | Reached XP level 5. HP: 33/50 MP: 4/4
  1600 | D:3      | Reached skill level 6 in Unarmed Combat
  1992 | D:3      | Found a faded altar of an unknown god.
  2144 | D:3      | Reached XP level 6. HP: 53/59 MP: 5/5
  2378 | D:4      | Reached skill level 7 in Unarmed Combat
  2384 | D:4      | Killed from afar by an orc priest

Illustrated notes

Levels and vault maps discovered:
D:1:      mainiacjoe_arrival_reflecting_pool, layout_basic, serial_bayou_ford_a,
          minmay_rat_gold_closets
D:2:      layout_basic, basic_altar, dk_noncrumbling_4, minmay_domino_4
D:3:      layout_loops_ring, hellmonk_ecumenical_altar_inner_sanctum
D:4:      layout_basic, general_overflow_altar, uniq_edmund

Skill      XL: |  1  2  3  4  5  6 |
---------------+-------------------+-----
Unarmed Combat | 4 5 6 7 |  7.0
Fighting       | |  2.4
Dodging        | |  2.4
Stealth        | |  1.0

Action                     |  1- 3 |  4- 6 || total
---------------------------+-------+-------++-------
  Melee: Unarmed           |    91 |   103 ||   194
         Punch             |     1 |     3 ||     4
   Stab: Sleeping          |     5 |     3 ||     8
 Armour: Robe              |    28 |    22 ||    50
  Dodge: Dodged            |    37 |    40 ||    77

Table legend: (Time is in decaauts)
 A = Elapsed time spent in this place.
 B = Non-inter-level travel time spent in this place.
 C = Inter-level travel time spent in this place.
 D = Time resting spent in this place.
 E = Time spent auto-exploring this place.
 F = Levels seen in this place.
 G = Mean time per level.
                   A        B        C        D        E       F      G
               +--------+--------+--------+--------+--------+-----+--------+
         Total |   2364 |   2224 |    140 |      0 |   1560 |   4 |  591.0 |
       Dungeon |   2364 |   2224 |    140 |      0 |   1560 |   4 |  591.0 |
               +--------+--------+--------+--------+--------+-----+--------+

Top non-repeatable levels by time:
     D:1: 954 daAuts
     D:3: 835 daAuts
     D:2: 565 daAuts
     D:4: 10 daAuts
